 Dungeon Crawl Stone Soup version 0.25-a0-36-g303dd5b1f4 (webtiles) character file.

Game seed: 9281426680017465670, levelgen mode: deterministic

9897 Conn the Thaumaturge (level 11, -5/100 HPs)
             Began as an Octopode Fire Elementalist on Oct 20, 2019.
             Was an Elder of Sif Muna.
             Killed from afar by a wretched star (27 damage)
             ... with an orb of energy
             ... in a Gauntlet.
             The game lasted 00:47:49 (12751 turns).

Conn the Thaumaturge (Octopode Fire Elementalist)  Turns: 12751, Time: 00:47:50

Health: -5/100     AC: 28    Str: 12 (13) XL:     11   Next: 53%
Magic:  23/23      EV:  2    Int: 21      God:    Sif Muna [****..]
Gold:   783        SH:  5    Dex: 12      Spells: 4/27 levels left

rFire    + . .     SeeInvis .   c - +4 dagger (flame)
rCold    x . .     Gourm    .   j - +0 buckler
rNeg     + + +     Faith    .   (helmet currently unavailable)
rPois    +         Spirit   .   J - amulet of regeneration
rElec    .         Reflect  .   y - +3 ring of evasion
rCorr    .         Harm     .   e - ring of fire
MR       .....     NoTele   +   G - +3 ring of protection
Stlth    +++.......             (no ring)
HPRegen  0.66/turn              (no ring)
MPRegen  0.18/turn              (no ring)
                                (no ring)
                                (no ring)

@: mighty, tree-form
A: almost no armour, stealthy swim, (amphibious), 8 rings, (constrict 8),
mutation resistance 1, subdued magic 1
a: Channel Magic, Forget Spell, Divine Exegesis, Renounce Religion


You were in a Gauntlet.
You worshipped Sif Muna.
Sif Muna was greatly pleased with you.
You were not hungry.
You were a tree.
You visited 3 branches of the dungeon, and saw 14 of its levels.
You also visited: Gauntlet.

You collected 783 gold pieces.

Inventory:

Hand Weapons
 a - a +0 short sword
 c - a +4 dagger of flaming (weapon)
 s - a +1 hand axe of chopping
 B - a +4 flail of protection
 H - a +4 morningstar of freezing
Missiles
 m - 26 sling bullets
 u - 35 poisoned darts (quivered)
Armour
 j - a +0 buckler (worn)
Magical Staves
 n - an uncursed staff of energy
Jewellery
 e - a ring of fire (right branch)
 y - a +3 ring of evasion (left branch)
 G - a +3 ring of protection (on tentacle)
 J - an amulet of regeneration (around neck)
Wands
 o - a wand of disintegration (15)
 p - a wand of clouds (4)
 x - a wand of iceblast (8)
 E - a wand of polymorph (6)
 I - a wand of flame (10)
Scrolls
 d - 3 scrolls of remove curse
 f - 3 scrolls of amnesia
 i - a scroll of enchant weapon
 k - 3 scrolls of immolation
 q - a scroll of silence {unknown}
 z - a scroll of fog {unknown}
 A - 9 scrolls of identify {unknown}
 C - 4 scrolls of teleportation {unknown}
Potions
 h - 2 potions of brilliance
 l - 3 potions of lignification
 v - a potion of flight
 w - a potion of degeneration
Comestibles
 b - 10 rations


   Skills:
 + Level 3.3 Fighting
 + Level 3.7 Short Blades
 + Level 1.2 Throwing
 + Level 5.0 Dodging
 - Level 5.3 Stealth
 - Level 6.5 Shields
 * Level 8.8 Spellcasting
 * Level 8.8 Conjurations
 + Level 0.6 Hexes
 + Level 0.8 Charms
 + Level 6.6 Fire Magic
 * Level 3.3 Invocations
 + Level 0.3 Evocations


You had 4 spell levels left.
You knew the following spells:

 Your Spells              Type           Power        Failure   Level  Hunger
a - Flame Tongue          Conj/Fire      #####        1%          1    None
b - Conjure Flame         Conj/Fire      #####...     1%          3    None
c - Inner Flame           Hex/Fire       ####....     3%          3    None
d - Sticky Flame          Conj/Fire      #####...     2%          4    ###....
e - Fireball              Conj/Fire      #####.....   7%          5    #####..
f - Throw Icicle          Conj/Ice       ###.....     10%         4    ###....
g - Ozocubu's Armour      Chrm/Ice       #.......     16%         3    None

Your spell library contained the following spells:

 Spells                   Type           Power        Failure   Level  Hunger
 Throw Flame              Conj/Fire      #####.       1%          2    None
 Throw Frost              Conj/Ice       ###...       1%          2    None
 Freeze                   Ice            #...         5%          1    None
 Summon Ice Beast         Ice/Summ       #.......     54%         4    ###....


Dungeon Overview and Level Annotations

Branches:
Dungeon (12/15)            Temple (1/1) D:5             Orc (1/2) D:9
Gauntlet (1/1)
   Lair: D:8-11

Altars:
Cheibriados
Dithmenos
Elyvilon
Fedhas
Gozag
Hepliaklqana
Kikubaaqudgha
Nemelex Xobeh
Okawaru
Qazlal
Ru
Sif Muna
Trog
Uskayaw
Vehumet
Wu Jian
Xom
Yredelemnul
Beogh

Shops:
D:4 ?*

Annotations:
D:10 Harold Gauntlet 11 transporters, 1 runed translucent door, exclusion: 2 lightning spires


Innate Abilities, Weirdness & Mutations

You cannot wear most types of armour.
You are very stealthy in the water. (Stealth+)
((You are amphibious.))
You can wear up to eight rings at the same time.
((You can use your tentacles to constrict eight enemies at once.))
((Your skin changes colour to match your surroundings (Stealth+).))
((Your rubbery body absorbs attacks. (AC +1, EV +1)))
You are somewhat resistant to further mutation.
Your spells are a little easier to cast, but a little less powerful.


Message History

As you read the scroll labeled FILOIZXIANT, it crumbles to dust.
It is a scroll of brand weapon.
Your +4 dagger of venom is engulfed in flames!
c - a +4 dagger of flaming You can't unwield your weapon to draw a new one!
As you read the scroll of remove curse, it crumbles to dust.
You feel as if something is helping you.
Your +4 dagger of flaming bursts into flame!
c - a +4 dagger of flaming (weapon)
You puncture the wretched star!
The wretched star is heavily damaged.
The wretched star glows turbulently.
The orb of energy hits you!
* * * LOW HITPOINT WARNING * * *
The orb of energy explodes!
You hit the wretched star. You burn the wretched star.
The wretched star is heavily damaged.
The wretched star glows turbulently.
The orb of energy hits you!!
You die...

§§.8....................≈#
..........8.....8.....8.##
#########...............≈#
........#...#########...##
..###...#...#*......#...≈#
...#....#####?###.#.#...##
#..#..#.#...#=###...#...≈#
.######.#©8©#©###*x.#©8.##
#..#©.#.#...#...♣##.#...≈#
...#...Y#####!...##.#...##
..###.pY#...#.......#...≈#
.Y...YYY#...#########...##
#########...............≈#
..........8.....8.....8.##
...8.....................##
...........###########...§#
########...#.....#.WW#.§.##


You could see a wretched star and a small abomination.

Vanquished Creatures
  Erica (D:10)
  A two-headed ogre (D:9)
  An orc knight (Orc:1)
  An ugly thing (D:11)
  A gargoyle (D:11)
  A troll (D:9)
  2 hippogriffs
  Sigmund (D:6)
  A wraith (D:12)
  4 yaks
  A vampire (D:9)
  Eustachio (D:5)
  A human (D:8)
  2 hungry ghosts (D:8)
  A warg (Orc:1)
  Edmund (D:5)
  A water moccasin (D:8)
  5 orc warriors (Orc:1)
  3 sky beasts
  3 ice beasts (D:7)
  A black bear (D:9)
  2 phantoms
  A necrophage (D:9)
  3 ogres
  8 centaurs
  2 big kobolds
  5 bullfrogs
  3 scorpions
  13 killer bees
  4 wights
  3 howler monkeys (D:7)
  A bullfrog zombie (D:11)
  3 crimson imps
  A bullfrog skeleton (D:6)
  4 hounds
  3 centaur skeletons
  7 orc priests
  A jelly (D:7)
  6 iguanas
  12 orc wizards
  6 worker ants
  A hound skeleton (D:4)
  A worker ant zombie (D:6)
  A howler monkey zombie (D:5)
  8 gnolls
  8 adders
  A shadow imp (D:8)
  2 oozes
  2 adder skeletons
  2 worms
  3 dart slugs
  A leopard gecko (D:4)
  41 orcs
  A ball python (D:5)
  4 giant cockroaches
  8 goblins
  5 hobgoblins
  12 jackals
  10 kobolds
  2 quokkas
  4 bats
  7 frilled lizards
  4 rats (D:1)
250 creatures vanquished.

Vanquished Creatures (others)
  An orc warrior (Orc:1)
  2 fungi (D:11)
  2 plants (D:11)
  22 withered plants (Gauntlet)
27 creatures vanquished.

Grand Total: 277 creatures vanquished

Notes
Turn   | Place    | Note
-------+----------+-------------------------------------------
     0 | D:1      | Conn the Octopode Fire Elementalist began the quest for the
                  | Orb.
     0 | D:1      | Reached XP level 1. HP: 11/11 MP: 3/3
     6 | D:1      | Noticed a salamander
     6 | D:1      | Noticed a komodo dragon
     6 | D:1      | Noticed a wolf
     7 | D:1      | Noticed a polar bear
   159 | D:1      | Reached XP level 2. HP: 17/17 MP: 1/5
   659 | D:1      | Reached XP level 3. HP: 19/21 MP: 6/6
  1152 | D:2      | Reached XP level 4. HP: 21/27 MP: 4/7
  1513 | D:3      | Learned a level 3 spell: Conjure Flame
  1517 | D:3      | Learned a level 3 spell: Inner Flame
  2018 | D:4      | Found Ponkoem's Magic Scroll Shoppe.
  2051 | D:4      | Reached skill level 1 in Shields
  2094 | D:4      | Reached skill level 1 in Short Blades
  2361 | D:4      | Reached XP level 5. HP: 30/31 MP: 9/9
  2464 | D:4      | Found Siahoroi's General Store.
  2739 | D:4      | Found a bloodstained altar of Trog.
  2898 | D:4      | Reached XP level 6. HP: 9/37 MP: 7/10
  3293 | D:5      | Entered Level 5 of the Dungeon
  3300 | D:5      | Found a staircase to the Ecumenical Temple.
  3310 | Temple   | Entered the Ecumenical Temple
  3360 | Temple   | Became a worshipper of Sif Muna the Loreminder
  3419 | D:5      | Noticed Edmund
  3435 | D:5      | Killed Edmund
  3435 | D:5      | Reached skill level 1 in Fighting
  3697 | D:5      | Found a stormy altar of Qazlal.
  3739 | D:5      | Noticed a phantom
  3745 | D:5      | Noticed Eustachio
  3768 | D:5      | Killed a phantom
  3768 | D:5      | Reached XP level 7. HP: 35/43 MP: 0/12
  3862 | D:5      | Learned a level 4 spell: Sticky Flame
  3880 | D:5      | Killed Eustachio
  3980 | D:5      | Reached skill level 5 in Stealth
  4502 | D:6      | Noticed Sigmund
  4505 | D:6      | Killed Sigmund
  4527 | D:6      | Reached XP level 8. HP: 39/49 MP: 14/14
  4689 | D:6      | Reached * piety under Sif Muna
  5109 | D:6      | Reached skill level 5 in Spellcasting
  5760 | D:7      | Reached skill level 5 in Fire Magic
  5760 | D:7      | Reached XP level 9. HP: 39/54 MP: 11/17
  5763 | D:7      | Reached skill level 5 in Conjurations
  5801 | D:7      | Reached ** piety under Sif Muna
  6158 | D:7      | Found a sacrificial altar of Ru.
  6794 | D:8      | Found an ancient bone altar of Kikubaaqudgha.
  6796 | D:8      | Found a blossoming altar of Fedhas.
  6869 | D:8      | Found a sparkling altar of Nemelex Xobeh.
  6893 | D:8      | Reached skill level 5 in Shields
  6921 | D:8      | Reached XP level 10. HP: 59/61 MP: 5/19
  7173 | D:8      | Reached *** piety under Sif Muna
  7393 | D:8      | Found a radiant altar of Vehumet.
  7588 | D:8      | Learned a level 5 spell: Fireball
  7593 | D:8      | Learned a level 4 spell: Throw Icicle
  8179 | D:9      | Found a staircase to the Orcish Mines.
  8265 | D:9      | Noticed a two-headed ogre
  8274 | D:9      | Killed a two-headed ogre
  8541 | D:9      | Found an iron altar of Okawaru.
  9115 | D:9      | Found a roughly hewn altar of Beogh.
  9459 | Orc:1    | Entered Level 1 of the Orcish Mines
  9483 | Orc:1    | Noticed an orc knight
  9492 | Orc:1    | Gained mutation: Your spells are a little easier to cast,
                  | but a little less powerful. [potion of mutation]
  9492 | Orc:1    | Gained mutation: You are somewhat resistant to further
                  | mutation. [potion of mutation]
  9524 | Orc:1    | Killed an orc knight
  9536 | Orc:1    | Reached **** piety under Sif Muna
  9539 | Orc:1    | Noticed an orc knight
  9564 | D:9      | HP: 1/63 [troll (16)]
  9602 | D:9      | Reached skill level 1 in Invocations
  9920 | D:10     | Entered Level 10 of the Dungeon
  9968 | D:9      | Reached XP level 11. HP: 53/67 MP: 16/23
 10175 | D:10     | Noticed Harold
 10459 | D:9      | Learned a level 3 spell: Ozocubu's Armour
 11306 | D:10     | Noticed Erica
 11314 | D:10     | Killed Erica
 11502 | D:11     | Noticed a purple ugly thing
 11522 | D:11     | Killed a purple ugly thing
 11525 | D:11     | Reached skill level 1 in Throwing
 11616 | D:11     | HP: 2/67 [killer bee (9)]
 11621 | D:11     | HP: 3/67 [bullfrog zombie (6)]
 12132 | D:11     | Reached skill level 5 in Dodging
 12301 | D:11     | Noticed a two-headed ogre
 12342 | D:12     | Found a gate leading to a gauntlet.
 12350 | Gauntlet | Entered a Gauntlet
 12350 | Gauntlet | Found a transporter.
 12400 | Gauntlet | Noticed a wretched star
 12401 | Gauntlet | Found a transporter.
 12402 | Gauntlet | Found a transporter.
 12406 | Gauntlet | Found a transporter.
 12409 | Gauntlet | Found a transporter.
 12409 | Gauntlet | Found a transporter.
 12411 | Gauntlet | Noticed a hell hog
 12419 | Gauntlet | Found a transporter.
 12425 | Gauntlet | Found a runed translucent door.
 12435 | Gauntlet | Found a transporter.
 12435 | Gauntlet | Noticed a necromancer
 12435 | Gauntlet | Noticed a death yak
 12436 | Gauntlet | Noticed a death yak
 12436 | Gauntlet | Noticed a death yak
 12437 | Gauntlet | Noticed a death yak
 12437 | Gauntlet | Noticed a death yak
 12437 | Gauntlet | Noticed a death yak
 12453 | Gauntlet | Found a transporter.
 12457 | Gauntlet | Found a transporter.
 12469 | Gauntlet | Found a transporter.
 12539 | Gauntlet | Noticed a death yak
 12539 | Gauntlet | Noticed a death yak
 12540 | Gauntlet | Noticed a death yak
 12540 | Gauntlet | Noticed a necromancer
 12541 | Gauntlet | Found a transporter.
 12541 | Gauntlet | Noticed a death yak
 12541 | Gauntlet | Noticed a death yak
 12751 | Gauntlet | Killed from afar by a wretched star

Levels and vault maps discovered:
D:1:      onia_arrival_zoo_common, layout_basic, minmay_statues_item,
          kennysheep_minor_cross
D:2:      layout_loops_ring, uniq_crazy_yiuf_cottage
D:3:      layout_rooms
D:4:      layout_loops_ring, serial_shops, shop_fountains,
          nicolae_shop_behind_doors, skrybe_limestone_x, bloody_trog
D:5:      layout_gridville, old_standard_altar,
          minmay_temple_entry_stoned_glass, first_ration, dk_noncrumbling_3,
          uniq_eustachio, uniq_edmund
D:6:      layout_gridville, uniq_sigmund
D:7:      layout_basic, nicolae_overflow_crystal_walls
D:8:      minmay_inner_zag, layout_basic,
          grunt_temple_overflow_growth_and_decay, basic_altar, grunt_pizzeria,
          vehumet_altar_wand_db
D:9:      layout_irregular_city, kennysheep_okawaru_gauntlet,
          minmay_orc_entry_temple_small, hangedman_abyss_or_decor_lesser_grid
D:10:     layout_basic, minivault_5, uniq_erica, uniq_harold
D:11:     minmay_weird_star, layout_loops_cross, david_lair_generic
D:12:     layout_small_grid, gauntlet_entry_generic
Temple:   kb_temple_of_zot
Orc:1:    layout_diamond_mine, serial_shops, shop, special_room
          [special_room_orc], uniq_jorgrun
Gauntlet: minmay_gauntlet_mixed_oops_all_seconds
          [minmay_gauntlet_arena_77_block_sizes, gammafunk_gauntlet_arena_teeth,
          minmay_gauntlet_arena_77_p_blocks, nicolae_gauntlet_arena_t_cross,
          minmay_gauntlet_arena_77_path, gammafunk_gauntlet_arena_hedges,
          gauntlet_exit_green]

Skill      XL: |  1  2  3  4  5  6  7  8  9 10 11 |
---------------+----------------------------------+-----
Stealth        | 3 4 5 |  5.3
Shields        | 1 2 4 5 6 |  6.5
Short Blades   | 1 2 3 |  3.7
Spellcasting   | 3 4 5 6 8 |  8.8
Conjurations   | 2 3 4 6 8 |  8.8
Fighting       | 1 2 3 |  3.3
Fire Magic     | 4 5 6 |  6.6
Dodging        | 3 4 5 |  5.0
Invocations    | 1 3 |  3.3
Throwing       | 1 |  1.2
Hexes          | |  0.6
Charms         | |  0.8
Evocations     | |  0.3

Action                   |  1- 3 |  4- 6 |  7- 9 | 10-12 || total
-------------------------+-------+-------+-------+-------++-------
Melee: Short sword       |     5 |       |       |       ||     5
       Constrict         |    11 |    23 |    21 |    20 ||    75
       Tentacles         |     6 |    11 |    17 |    15 ||    49
       Unarmed           |     1 |       |       |       ||     1
       Dagger            |    33 |    78 |   110 |   125 ||   346
       Staff             |       |       |       |    10 ||    10
Throw: Dart              |       |       |       |    13 ||    13
 Cast: Flame Tongue      |    22 |    31 |    99 |   161 ||   313
       Sticky Flame      |       |       |     5 |    19 ||    24
       Conjure Flame     |       |       |     7 |    20 ||    27
       Inner Flame       |       |       |     3 |     6 ||     9
       Fireball          |       |       |       |    17 ||    17
       Ozocubu's Armour  |       |       |       |     2 ||     2
Invok: Channel Magic     |       |       |       |     3 ||     3
Evoke: Wand              |       |       |       |    11 ||    11
  Use: Potion            |       |     1 |     1 |    20 ||    22
       Scroll            |       |     8 |     1 |     7 ||    16
 Stab: Sleeping          |    11 |     6 |    12 |     8 ||    37
       Distracted        |       |       |     1 |       ||     1
       Invisible         |       |       |       |     1 ||     1
  Eat: Chunk             |     1 |     8 |    10 |    20 ||    39
       Ration            |       |       |       |     3 ||     3
Armor: Skin              |     7 |     2 |     6 |    37 ||    52
Dodge: Dodged            |    22 |    57 |   101 |   162 ||   342
Block: Buckler           |     3 |     8 |    23 |    58 ||    92

Table legend:
 A = Non-vault XP
 B = Vault XP
 C = Vault XP percentage of total XP
 D = Non-vault monster count
 E = Vault monster count
 F = Vault count percentage of total count
                 A         B        C        D         E       F
            +---------+---------+-------+---------+---------+-------
      Total |   11190 |    2949 |  20.9 |     226 |      24 |   9.6
            +---------+---------+-------+---------+---------+-------
        D:1 |      38 |       0 |   0.0 |      18 |       0 |   0.0
        D:2 |      55 |       0 |   0.0 |      17 |       0 |   0.0
        D:3 |      17 |       0 |   0.0 |       8 |       0 |   0.0
        D:4 |     261 |       0 |   0.0 |      18 |       0 |   0.0
        D:5 |     248 |     355 |  58.9 |      10 |       2 |  16.7
        D:6 |     960 |     223 |  18.9 |      31 |       1 |   3.1
        D:7 |    1798 |       0 |   0.0 |      31 |       0 |   0.0
        D:8 |    1311 |     468 |  26.3 |      23 |       6 |  20.7
        D:9 |    2234 |     142 |   6.0 |      18 |       9 |  33.3
       D:10 |    1171 |     955 |  44.9 |      17 |       1 |   5.6
       D:11 |    2228 |     220 |   9.0 |      22 |       1 |   4.3
       D:12 |     217 |       0 |   0.0 |       1 |       0 |   0.0
      Orc:1 |     652 |     586 |  47.3 |      12 |       4 |  25.0
            +---------+---------+-------+---------+---------+-------
